 Dungeon Crawl Stone Soup version 0.28.0-53-g5a82cb258f (webtiles) character file.

Game seed: 8253373832990329475

102 Gabide the Poker (level 5, 0/42 HPs)
             Began as a Human Monk on May 29, 2022.
             Slain by Grinder (2 damage)
             ... on level 3 of the Dungeon.
             The game lasted 00:03:26 (2711 turns).

Gabide the Poker (Human Monk)                       Turns: 2711, Time: 00:03:28

Health: 0/42       AC:  2    Str: 11    XL:     5   Next: 6%
Magic:  5/5        EV: 14    Int: 10    God:
Gold:   90         SH:  0    Dex: 18    Spells: 2/4 levels left

rFire   . . .      SeeInvis .   a - +0 spear
rCold   . . .      Faith    .   (no shield)
rNeg    + . .      Spirit   .   b - +0 robe
rPois   .          Reflect  .   (no helmet)
rElec   .          Harm     .   (no cloak)
rCorr   .          Rampage  .   (no gloves)
Will    .....                   (no boots)
Stlth   ++........              d - amulet of the acrobat
HPRegen 0.14/turn               l - ring of positive energy
MPRegen 0.09/turn               (no ring)

@: no status effects
A: no striking features
a: no special abilities


You were on level 3 of the Dungeon.
You visited 1 branch of the dungeon, and saw 3 of its levels.

You collected 90 gold pieces.

Inventory:

Hand Weapons
 a - a +0 spear (weapon)
 c - a +4 club
Missiles
 m - a poisoned dart (quivered)
Armour
 b - a +0 robe (worn)
Jewellery
 d - an amulet of the acrobat (around neck)
 l - a ring of positive energy (left hand)
 o - a ring of fire
Scrolls
 g - a scroll of silence {unknown}
 i - a scroll of identify {unknown}
 k - a scroll of fear {unknown}
Potions
 e - a potion of curing {unknown}
 h - a potion of ambrosia
 j - a potion of lignification {unknown}
 n - 2 potions of cancellation {unknown}


   Skills:
 * Level 3.9 Fighting
 * Level 3.9 Polearms
 * Level 3.8 Dodging
 - Level 2.0 Stealth
 + Level 0.1 Spellcasting
 + Level 0.0 Transmutations


You had 2 spell levels left.
You knew the following spells:

 Your Spells              Type           Power      Damage    Failure   Level
a - Wereblood             Tmut           0%         N/A       50%         2

Your spell library contained the following spells:

 Spells                   Type           Power      Damage    Failure   Level
 Beastly Appendage        Tmut           0%         N/A       36%         1
 Gell's Gravitas          Tloc           0%         N/A       75%         3
 Spider Form              Tmut/Pois      0%         N/A       75%         3
 Teleport Other           Tloc           0%         N/A       75%         3
 Dispersal                Tloc           0%         N/A       100%        6


Dungeon Overview and Level Annotations

Branches:
Dungeon (3/15)

Altars:

Annotations:
D:3 Grinder


Message History

Grinder comes into view.
Found a scroll labelled FIOJEDY JAMAGE.
Grinder shouts!
Grinder says, "What is the universe for?"
You reach to attack!
You closely miss Grinder. You hit Grinder.
Grinder is lightly wounded.
Grinder hits you.
You writhe in agony.
You closely miss Grinder.
Grinder is lightly wounded.
Grinder hits you.
You hit Grinder.
Grinder is moderately wounded.
You hit Grinder.
Grinder is moderately wounded.
Grinder hits you.
You writhe in agony.
You barely miss Grinder.
Grinder is moderately wounded.
Grinder closely misses you.
You hit Grinder but do no damage.
Grinder is moderately wounded.
Grinder gestures at you.
You suddenly lose the ability to move!
Grinder hits you. Grinder hits you!
You writhe in agony.
Grinder hits you.
You writhe in agony.
Grinder hits you.
* * * LOW HITPOINT WARNING * * *
You writhe in agony.
* * * LOW HITPOINT WARNING * * *
You can move again.
Okay, then.
As you read the scroll labelled ZUPAID QUUTOUK, it crumbles to dust.
The creatures around you are filled with an inner flame!
It was a scroll of immolation.
Grinder says, "Make like a tree!"
Grinder hits you.
* * * LOW HITPOINT WARNING * * *
You writhe in agony.
You die...

## .. .# .# #######
.# ##.....#####.#
########..###.......#
#.........# #.†.@5..#
#.######..###.####.##
#.#
#......#.?.........
#.#
###.##.###.##........
#.# #...)....#
########. #.#
#.##.###.# #.# #.##.#
#.# #.# #.#..###.#
#.# ##.#......#


You could see Grinder (inner flame).

Vanquished Creatures
  Jessica (D:2)
  An adder (D:3)
  2 worms (D:2)
  3 dart slugs
  3 endoplasms
  11 giant cockroaches
  5 goblins
  2 hobgoblins
  4 jackals (D:1)
  3 kobolds
  A quokka (D:2)
  6 ball pythons
  4 bats
  5 frilled lizards
  A rat (D:1)
52 creatures vanquished.

Notes
Turn   | Place    | Note
-------+----------+-------------------------------------------
     0 | D:1      | Gabide the Human Monk began the quest for the Orb.
     0 | D:1      | Reached XP level 1. HP: 18/18 MP: 1/1
   176 | D:1      | Reached XP level 2. HP: 15/24 MP: 2/2
  1235 | D:2      | Reached XP level 3. HP: 29/29 MP: 3/3
  1643 | D:2      | Noticed Jessica
  1663 | D:2      | Killed Jessica
  1664 | D:2      | Reached XP level 4. HP: 13/37 MP: 4/4
  2537 | D:2      | Learned a level 2 spell: Wereblood
  2587 | D:3      | Reached XP level 5. HP: 34/42 MP: 5/5
  2697 | D:3      | Noticed Grinder
  2704 | D:3      | Paralysed by Grinder for 4 turns
  2711 | D:3      | HP: 2/42 [Grinder (5)]
  2711 | D:3      | Slain by Grinder

Illustrated notes

Levels and vault maps discovered:
D:1:      elethiomel_arrival_maze, layout_basic, minmay_cut_off
D:2:      minmay_roachtagon, layout_loops_ring, uniq_jessica
D:3:      layout_loops_ring, amcnicky_altar_gilded, uniq_grinder

Action                   |  1- 3 |  4- 6 || total
-------------------------+-------+-------++-------
Melee: Spear             |   110 |     8 ||   118
       Club              |       |    54 ||    54
       Punch             |       |     1 ||     1
Throw: Dart              |    15 |       ||    15
  Use: Potion            |     1 |       ||     1
       Scroll            |       |     1 ||     1
 Stab: Sleeping          |     6 |     4 ||    10
       Distracted        |       |     2 ||     2
Armor: Robe              |    13 |     4 ||    17
Dodge: Dodged            |    56 |    34 ||    90
